Map: Écho EC

Players

AgCl

  • Race: Protoss Protoss
  • League: Grandmaster

LouisVuitton - Winner!

  • Race: Zerg Zerg
  • League: Grandmaster

VOD

Have the link to the VOD?

Description

Time

  • Played on: June 9, 2015, 6:59 p.m.
  • Length: 3:36
Show
View Real Time Build Order
Export as new Build Order

AgCl Protoss 

Build Orders:  

Get SALT Encoding   

  12  0:16  Pylon  
  12  0:17  Probe  
  13  0:29  Probe  
  13  0:34  Gateway  
  14  0:41  Probe  
  15  0:49  Assimilator  
  15  0:53  Probe  
  16  1:06  Probe (Chrono Boost)  
  16  1:08  Pylon  
  17  1:18  Probe (Chrono Boost)  
  18  1:25  Probe (Chrono Boost)  
  19  1:28  Zealot (Chrono Boost)  
  21  1:35  Probe  
  22  1:45  Cybernetics Core  
  22  1:47  Probe, Assimilator  
  23  2:01  Probe  
  24  2:14  Probe  
  25  2:21  Stargate  
  25  2:26  Probe (Chrono Boost)  
  27  2:38  Probe (Chrono Boost)  
  27  2:46  Probe (Chrono Boost), Nexus  
  28  2:55  Probe  
  27  3:07  Probe, Gateway  
  28  3:19  Pylon  
  28  3:23  Pylon  
  28  3:24  Probe  
Show
View Real Time Build Order
Export as new Build Order

LouisVuitton Zerg - Winner!

Build Orders: Hatch First 

Get SALT Encoding   

  12  0:01  Drone  
  13  0:13  Overlord  
  13  0:18  Drone  
  14  0:33  Drone x2  
  16  0:37  Drone  
  17  0:58  Hatchery  
  17  1:00  Extractor  
  17  1:01  Drone  
  17  1:04  Drone  
  17  1:19  Spawning Pool  
  17  1:20  Drone  
  17  1:27  Drone  
  17  1:32  Drone  
  19  1:41  Drone  
  20  1:51  Extractor  
  20  1:52  Evolution Chamber x2  
  17  1:56  Drone  
  18  2:01  Overlord  
  18  2:07  Metabolic Boost  
  18  2:15  Queen  
  18  2:20  Zergling x2  
  21  2:28  Zergling x2  
  22  2:34  Zergling x4  
  24  2:52  Drone x3  
  26  3:09  Zergling x4  
  28  3:21  Drone  
Tags
 
Add a new tag
Caveats
  • Supply blocks, unpowered buildings, or Contaminate may cause inaccurate times.
  • Supply counts are checked every 10 seconds.